 Dungeon Crawl Stone Soup version 0.28.0-53-g5a82cb258f (webtiles) character file.

Game seed: 13791256344848261614

2 Descartes the Sneak (level 1, -1/10 HPs)
             Began as a Felid Delver on June 5, 2022.
             Slain by an orc
             ... wielding a +0 short sword
              (3 damage)
             ... on level 5 of the Dungeon.
             The game lasted 00:00:11 (35 turns).

Descartes the Sneak (Felid Delver)                    Turns: 35, Time: 00:00:12

Health: -1/10      AC:  1    Str:  8    XL:     1   Next: 25%
Magic:  2/2        EV: 17    Int: 11    God:
Gold:   5          SH:  0    Dex: 17    Spells: 0/0 levels left
                                        Lives:  0   Deaths: 0

rFire   . . .      SeeInvis +     - Unarmed
rCold   . . .      Faith    .   (shield unavailable)
rNeg    . . .      Spirit   .   (armour unavailable)
rPois   .          Reflect  .   (helmet unavailable)
rElec   .          Harm     .   (cloak unavailable)
rCorr   .          Rampage  .   (gloves unavailable)
Will    .....                   (boots unavailable)
Stlth   +++.......              (no amulet)
HPRegen 0.03/turn               (no ring)
MPRegen 0.08/turn               (no ring)

@: quick
A: very small, claws 1, fangs 3, see invisible, speed 1, shaggy fur 1, stealthy
paws, no weapons or thrown items, no armour, multi-lived
a: no special abilities


You were on level 5 of the Dungeon.
You visited 1 branch of the dungeon, and saw 2 of its levels.

You collected 5 gold pieces.

Inventory:

Wands
 e - a wand of digging (3)
Scrolls
 a - a scroll of fog
 b - a scroll of magic mapping
 c - a scroll of fear
 f - a scroll of immolation {unknown}
Potions
 d - a potion of haste


   Skills:
 + Level 3.0 Fighting
 + Level 2.7 Dodging
 + Level 6.6 Stealth
 + Level 2.0 Unarmed Combat


You couldn't memorise any spells.
You didn't know any spells.
Your spell library was empty.

Dungeon Overview and Level Annotations

Branches:
Dungeon (5/15)
 Temple: D:4-7

Altars:


Innate Abilities, Weirdness & Mutations

You have sharp claws.
You have razor-sharp teeth.
You have supernaturally acute eyesight. (SInv)
You cover ground quickly. (Speed+)
You are covered in fur. (AC +1)
Your paws help you pounce on unaware monsters.
You are incapable of wielding weapons or throwing items.
You cannot wear armour.
You gain extra lives every three experience levels.


Message History

f - a scroll labelled NACALUSUGOR You now have 5 gold pieces.
There is a stone staircase leading up here.
You climb upwards.
The orc wizard shouts!
Found 4 gold pieces and a scroll labelled SIGHAO YPSAAHO.
There is a stone staircase leading down here.
The orc shouts!
You scratch the orc.
The orc is severely wounded.
The orc closely misses you.
The orc wizard gestures at you while chanting.
You are confused.
The orc misses you.
In your confused state, you trip and fall down the stairs.
You climb downwards.
There is a stone staircase leading up here.
You scratch the orc.
You kill the orc!
The orc hits you with a +0 short sword.
Ouch! That really hurt!
Unknown command.
You scratch the orc. Your bite misses the orc.
The orc is heavily wounded.
You feel less confused. The orc closely misses you.
You scratch the orc but do no damage.
The orc is heavily wounded.
The orc hits you with a +0 short sword.
* * * LOW HITPOINT WARNING * * *
You scratch the orc.
The orc is almost dead.
The orc closely misses you.
You scratch the orc but do no damage.
The orc is almost dead.
The orc misses you.
You closely miss the orc.
The orc is almost dead.
The orc hits you with a +0 short sword.
You die...

#.## ##...#
#.#.# # #.#.#.#
#.#.#.# #######
##...#
#.....######)###
#.....##...o...#
#....>##..##@#.#
#.....##..##...#
#...........#..#
########..#.#..#
#.......#
#.......#
####.#.## #.#.#
..


You could see an orc.

Vanquished Creatures
  An orc (D:5)
1 creature vanquished.

Notes
Turn   | Place    | Note
-------+----------+-------------------------------------------
     0 | D:5      | Descartes the Felid Delver began the quest for the Orb.
     0 | D:5      | Reached XP level 1. HP: 10/10 MP: 2/2
    24 | D:4      | Noticed an orc wizard
    24 | D:4      | Noticed an orc wizard
    35 | D:5      | Slain by an orc

Illustrated notes

Levels and vault maps discovered:
D:4:      layout_loops_cross, temple_doors_cd, serial_shops, shop,
          minmay_a_box_with_orc_wizards_in_it
D:5:      layout_loops_cross, uniq_menkaure

Action                   || total
-------------------------++-------
Melee: Unarmed           ||     7
Dodge: Dodged            ||     5
